 Dungeon Crawl Stone Soup version 0.30-a0-1164-ge08a67761e (webtiles) character file.

Game seed: 4210012723935636623

438 Brunhilda the Conjurer (level 7, -3/53 HPs)
             Began as a Meteoran Conjurer on Apr 30, 2023.
             Was a Believer of Dithmenos.
             Slain by an orc
             ... wielding a +0 flail
              (5 damage)
             ... on level 4 of the Dungeon.
             The game lasted 00:46:56 (2081 turns).

Brunhilda the Conjurer (Meteoran Conjurer)          Turns: 2081, Time: 00:46:56

Health: -3/53      AC:  4    Str:  8    XL:     7   Next: 46%
Magic:  15/15      EV: 12    Int: 22    God:    Dithmenos [**....]
Gold:   85         SH:  0    Dex: 13    Spells: 9/15 levels left

rFire   . . .        r - +3 short sword
rCold   . . .        (no shield)
rNeg    . . .        e - +0 leather armour
rPois   .            (no helmet)
rElec   .            (no cloak)
rCorr   .            u - +0 pair of gloves
SInv    .            (no boots)
Will    .....        (no amulet)
Stlth   +            (no ring)
HPRegen 0.28/turn    (no ring)
MPRegen 0.14/turn

%: no passive effects
@: glowing
A: sense surroundings 1, otherworldly, glowing, explore regen
a: Renounce Religion, Shadow Step


You were on level 4 of the Dungeon.
You worshipped Dithmenos.
Dithmenos was pleased with you.
You visited 1 branch of the dungeon, and saw 4 of its levels.
You also visited: Sewer.

You collected 85 gold pieces.

Inventory:

Hand Weapons
 q - a +0 short sword of electrocution
 r - a +3 short sword (weapon)
Armour
 a - a +0 robe
 e - a +0 leather armour (worn)
 u - a +0 pair of gloves (worn)
Scrolls
 c - a scroll of magic mapping {unknown}
 f - a scroll of fog {unknown}
 i - 2 scrolls of enchant weapon
 m - a scroll of identify {unknown}
 n - a scroll of fear {unknown}
 p - a scroll of blinking {unknown}
 v - a scroll of immolation {unknown}
 w - a scroll of brand weapon {unknown}
 x - a scroll of enchant armour {unknown}
Potions
 b - a potion of might {unknown}
 d - 4 potions of curing {unknown}
 h - a potion of attraction {unknown}
 j - a potion of mutation {unknown}
 k - a potion of degeneration {unknown}
 l - a potion of ambrosia {unknown}
 o - a potion of magic
 s - a potion of haste {unknown}
 t - 2 potions of heal wounds {unknown}
 z - a potion of flight {unknown}


   Skills:
 + Level 1.7 Fighting
 * Level 2.0 Short Blades
 - Level 1.6 Maces & Flails
 + Level 3.0 Armour
 + Level 3.4 Dodging
 + Level 1.5 Stealth
 + Level 0.6 Unarmed Combat
 + Level 4.9 Spellcasting
 + Level 6.4 Conjurations


You had 9 spell levels left.
You knew the following spells:

 Your Spells              Type           Power      Damage    Failure   Level
a - Magic Dart            Conj           100%       1d8       1%          1
b - Searing Ray           Conj           66%        2d6       1%          2
c - Volatile Blastmotes   Fire/Tloc      10%        2d10      41%         3

Your spell library contained the following spells:

 Spells                   Type           Power      Damage    Failure   Level
 Dazzling Flash           Conj/Hex       38%        N/A       12%         3
 Sting                    Tmut/Pois      20%        1d4       14%         1
 Poisonous Vapours        Pois/Air       10%        N/A       22%         2
 Fulminant Prism          Conj/Hex       9%         3d7       36%         4
 Iskenderun's Mystic Bla  Conj/Tloc      19%        2d6       36%         4
 Olgreb's Toxic Radiance  Pois           5%         N/A       82%         4
 Starburst                Conj/Fire      9%         6d5       99%         6


Dungeon Overview and Level Annotations

Branches:
Dungeon (4/15) Zot: 601     Sewer (visited)
 Temple: D:4-7

Altars:
Dithmenos

Annotations:
D:4 Menkaure, Sigmund


Innate Abilities, Weirdness & Mutations

You passively map a small area around you.
You are easily found by Zot.
You glow in the dark.
You regain HP and MP as you explore.


Message History

The adder attacks as you move away! The adder misses you.
You feel sick.
Your surroundings suddenly seem different.
Sigmund, Menkaure and a ball python come into view.
Sigmund is wielding a +4 scythe of protection.
Found a rapier.
Found a stone staircase leading up and two stone staircases leading down.
You feel sick.
Sigmund shouts!
Menkaure shouts!
An orc and an endoplasm come into view.
Found a clear potion.
You feel sick.
The orc shouts!
The ball python hisses angrily.
You hear a howl!
The ball python barely misses you. The ball python grabs you.
The ball python constricts you.
You escape the ball python's grasp.
You feel sick.
A howler monkey comes into view.
You feel sick.
The endoplasm quivers.
The ball python bites you. The ball python grabs you.
The ball python constricts you.
Menkaure calls on the powers of darkness!
The ball python convulses!
Sigmund convulses!
Your body is wracked with pain!
* * * LOW HITPOINT WARNING * * *
The orc convulses!
The howler monkey hoots and howls with incredible vigour!
Sigmund hits you from afar with a +4 scythe of protection.
* * * LOW HITPOINT WARNING * * *
You hear an angry hiss.
You hear a shout!
You escape the ball python's grasp.
You feel sick.
An endoplasm comes into view.
You feel sick.
You are no longer poisoned.
The endoplasm quivers.
Menkaure casts a spell at you. You resist with significant effort.
A scorpion comes into view.
The ball python barely misses you. The ball python misses you.
Sigmund hits you from afar with a +4 scythe of protection!
* * * LOW HITPOINT WARNING * * *
The orc hits you with a +0 flail.
You die...

.............. *
, * *
#............
###............
,
...............*
* ,
#............ ,
* #..M.....)..
#., #...@.......
#..#.S.........
,
*#..o@.......#.
, ###..h..<...#,
#.J...#..... ...
#>......#... ...
#.....####.. ,
... ,,..!.Js#*
## , .. ###....#
,, #..... ,* * ,
, , , *#


You could see Sigmund, Menkaure, a scorpion, a howler monkey, an orc, 2
endoplasms and a ball python.

Vanquished Creatures
  A water moccasin (D:4)
  A kobold brigand (Sewer)
  A hound (D:4)
  Natasha (thrice) (D:3)
  7 adders
  A worm (D:2)
  An orc (D:3)
  10 endoplasms
  4 giant cockroaches
  3 goblins
  6 hobgoblins
  10 jackals (D:3)
  2 quokkas
  8 ball pythons
  5 bats
  4 frilled lizards
  20 kobolds
  14 rats
101 creatures vanquished.

Vanquished Creatures (others)
  2 plants (Sewer)
2 creatures vanquished.

Grand Total: 103 creatures vanquished

Notes
Turn   | Place    | Note
-------+----------+-------------------------------------------
     0 | D:1      | Brunhilda the Meteoran Conjurer began the quest for the
                  | Orb.
     0 | D:1      | Reached XP level 1. HP: 14/14 MP: 5/5
   119 | D:1      | Reached skill level 5 in Conjurations
   131 | D:1      | Reached XP level 2. HP: 19/20 MP: 3/6
   403 | D:1      | Reached XP level 3. HP: 26/26 MP: 5/8
   499 | D:1      | Glimpsed the power of Zot.
   732 | D:2      | Found a shadowy altar of Dithmenos.
   758 | D:2      | Became a worshipper of Dithmenos the Shadowed
   765 | D:2      | Reached XP level 4. HP: 33/33 MP: 3/9
  1097 | D:2      | Glimpsed the power of Zot.
  1166 | D:3      | Learned a level 2 spell: Searing Ray
  1228 | D:3      | Reached skill level 1 in Maces & Flails
  1235 | D:3      | Reached skill level 1 in Armour
  1262 | D:3      | Noticed Natasha
  1274 | D:3      | Killed Natasha
  1275 | D:3      | Reached XP level 5. HP: 37/39 MP: 6/11
  1294 | D:3      | Reached * piety under Dithmenos
  1295 | D:3      | Noticed Natasha
  1308 | D:3      | Killed Natasha
  1407 | D:3      | Found a glowing drain.
  1420 | D:3      | Reached skill level 1 in Fighting
  1423 | D:3      | Reached skill level 6 in Conjurations
  1423 | D:3      | Reached XP level 6. HP: 47/47 MP: 7/13
  1428 | Sewer    | Entered a sewer
  1546 | Sewer    | Reached skill level 1 in Short Blades
  1605 | Sewer    | Reached ** piety under Dithmenos
  1770 | D:3      | Noticed Natasha
  1775 | D:3      | Killed Natasha
  1980 | D:3      | Glimpsed the power of Zot.
  2018 | D:4      | Learned a level 3 spell: Volatile Blastmotes
  2045 | D:4      | Noticed a water moccasin
  2047 | D:4      | Reached XP level 7. HP: 50/52 MP: 10/14
  2067 | D:4      | Killed a water moccasin
  2075 | D:4      | Noticed Sigmund
  2075 | D:4      | Noticed Menkaure
  2081 | D:4      | HP: 2/53 [Sigmund/+4 scythe of protection (10)]
  2081 | D:4      | Slain by an orc

Illustrated notes

Levels and vault maps discovered:
D:1:      beargit_arrival_diablo_church, layout_basic
D:2:      layout_loops_ring, basic_altar
D:3:      layout_rooms, gup_sewer_entry_glass, kennysheep_nub, st_stairs_9,
          chequers_serial_rivers_marsh, uniq_natasha
D:4:      layout_rooms, nrook_loot_triangle, fountainhead, uniq_sigmund,
          uniq_edmund, uniq_menkaure, uniq_ijyb

Skill      XL: |  1  2  3  4  5  6  7 |
---------------+----------------------+-----
Conjurations   | 5 6 |  6.4
Spellcasting   | 3 4 |  4.9
Maces & Flails | 1 |  1.6
Armour         | 1 2 3 |  3.0
Fighting       | 1 |  1.7
Short Blades   | 1 2 |  2.0
Dodging        | 3 |  3.4
Stealth        | |  1.5
Unarmed Combat | |  0.6

Action                     |  1- 3 |  4- 6 |  7- 9 || total
---------------------------+-------+-------+-------++-------
  Melee: Unarmed           |    14 |       |       ||    14
         Club              |    10 |    26 |       ||    36
         Short sword       |       |    22 |    13 ||    35
   Cast: Magic Dart        |    53 |    45 |     9 ||   107
         Searing Ray       |       |    15 |       ||    15
    Use: Scroll            |     4 |     1 |     1 ||     6
         Potion            |       |     1 |       ||     1
 Armour: Robe              |     2 |       |       ||     2
         Leather armour    |     7 |    35 |     6 ||    48
  Dodge: Dodged            |    10 |    56 |    15 ||    81

Table legend: (Time is in decaauts)
 A = Elapsed time spent in this place.
 B = Non-inter-level travel time spent in this place.
 C = Inter-level travel time spent in this place.
 D = Time resting spent in this place.
 E = Time spent auto-exploring this place.
 F = Levels seen in this place.
 G = Mean time per level.
                   A        B        C        D        E       F      G
               +--------+--------+--------+--------+--------+-----+--------+
         Total |   2122 |   2101 |     21 |    244 |    975 |   5 |  424.4 |
       Dungeon |   1798 |   1777 |     21 |    228 |    964 |   4 |  449.5 |
         Sewer |    324 |    324 |      0 |     16 |     11 |   1 |  324.0 |
               +--------+--------+--------+--------+--------+-----+--------+

Top non-repeatable levels by time:
     D:2: 610 daAuts
     D:3: 599 daAuts
     D:1: 522 daAuts
   Sewer: 324 daAuts
     D:4: 65 daAuts
